 Dungeon Crawl Stone Soup version 0.20.1-1-g8b1a95d (webtiles) character file.

7871 n0claF the Basher (level 11, -6/99 HPs)
             Began as a Minotaur Berserker on Nov 2, 2017.
             Was a High Priest of Trog.
             Killed by divine providence
             ... invoked by a smoke demon
             ... summoned by an orc sorcerer
             ... led by an orc warlord
              (14 damage)
             ... on level 1 of the Orcish Mines.
             The game lasted 00:26:16 (6212 turns).

n0claF the Basher (Minotaur Berserker)              Turns: 6212, Time: 00:26:17

Health: -6/99      AC: 11    Str: 20 (22) XL:     11   Next: 2%
Magic:  10/10      EV: 13    Int:  4      God:    Trog [*****.]
Gold:   827        SH:  6    Dex: 13      Spells: 10/10 levels left

rFire    . . .     SeeInvis .   D - +5 flail
rCold    . . .     Gourm    .   b - +0 buckler
rNeg     + . .     Faith    .   O - +1 plate armour
rPois    .         Spirit   .   (helmet restricted)
rElec    .         Reflect  .   (no cloak)
rCorr    .         Harm     .   (no gloves)
MR       ++...                  v - +0 pair of boots
Stlth    ..........             j - amulet of regeneration
Regen    1.7/turn               o - ring of positive energy
MPRegen  0.2/turn               C - +3 ring of evasion

@: berserk cooldown, very slightly contaminated, regenerating, slowed, very slow
A: retaliatory headbutt, horns 2, deformed body, deterioration 1, screaming 1,
MP-powered wands
a: Berserk, Trog's Hand, Brothers in Arms, Burn Spellbooks, Renounce Religion


You were on level 1 of the Orcish Mines.
You worshipped Trog.
Trog was extremely pleased with you.
You were very hungry.

You visited 2 branches of the dungeon, and saw 10 of its levels.

You collected 827 gold pieces.

Inventory:

Hand Weapons
 D - a +5 flail (weapon)
 G - a +1 flail of crushing
Armour
 b - a +0 buckler (worn)
 v - a +0 pair of boots (worn)
 O - a +1 plate armour (worn)
Jewellery
 j - an amulet of regeneration (around neck)
 o - a ring of positive energy (left hand)
 w - an uncursed ring of fire
 C - a +3 ring of evasion (right hand)
 M - an uncursed ring of flight
 N - an uncursed ring of positive energy
Wands
 t - a wand of disintegration (6/24)
 u - a wand of flame (11/48)
 F - a wand of digging (17/24)
Scrolls
 h - 2 scrolls of immolation
 m - 3 scrolls of enchant weapon
 x - 3 scrolls of remove curse
 y - 2 scrolls of amnesia
 A - 3 scrolls of enchant armour
 J - a scroll of magic mapping {unknown}
 L - a scroll of fear {unknown}
Potions
 d - 2 potions of haste
 e - a potion of ambrosia
 i - 2 potions of brilliance
 k - 8 potions of curing
 p - 3 potions of flight
 q - a potion of degeneration
 r - 3 potions of heal wounds {unknown}
 s - a potion of lignification {unknown}
 B - a potion of mutation {unknown}
 E - a potion of experience {unknown}
 I - a potion of might {unknown}
 K - a potion of agility {unknown}
Comestibles
 c - 4 bread rations
 f - 12 royal jellies
 l - 25 fruits
 n - 7 meat rations


   Skills:
 + Level 9.9 Fighting
 + Level 10.1 Maces & Flails
 + Level 9.5 Armour
 + Level 8.7 Dodging
 + Level 8.4 Shields


You had 10 spell levels left.
You didn't know any spells.

Dungeon Overview and Level Annotations

Branches:
Dungeon (9/15)             Temple (0/1) D:7             Orc (1/2) D:9
   Lair: D:8-11

Altars:
Dithmenos
Elyvilon
Nemelex Xobeh
Okawaru
Ru
Trog
The Shining One
Beogh


Innate Abilities, Weirdness & Mutations

You reflexively headbutt those who attack you in melee.
You have a pair of horns on your head.
Armour fits poorly on your strangely shaped body.
Your body sometimes deteriorates upon taking damage.
You occasionally shout uncontrollably at your foes.
You expend magic power (3 MP) to strengthen your wands.


Message History

You feel your anger subside.
You are no longer berserk.
You are exhausted.
You feel yourself slow down.
Okay, then.
The warg misses you.
You feel the effects of Trog's Hand fading.
The orc warrior hits you from afar with a glaive!
* * * LOW HITPOINT WARNING * * *
The warg bites you but does no damage.
You hit the warg. You headbutt the warg!
The warg is heavily wounded.
The warg closely misses you. You furiously retaliate!
You headbutt the warg, but do no damage.
The orc sorcerer points at you and mumbles some strange words.
The bolt of fire misses you.
The orc warlord roars a battlecry!
The warg bites you but does no damage. The smoke demon gestures at you.
Something smites you!
You die...

##..##$.# ##.....#....
.......###...........
#......#....)........
##.......)o)......##
#.......3....#....#.
##...†)o..o......... ## #
####.....).....>.......
.####
#.##.#...#..).o...........
..#.##
.........@#..o............
.....#
.##.....#ho.........#....
.##.##
#...####.###...........
..#.## ##..## ###
#........... .....## #...#
.....#...... ..#...##
##.## ...##.......
.......####..## ###
#...#.# ..##....##....#
..##.#..##...##


You could see an orc warlord, a smoke demon, a warg, an orc sorcerer, 2 orc
warriors and an orc.

Vanquished Creatures
  A hydra (D:9)
  Pikel (D:6)
  A troll (Orc:1)
  Prince Ribbit (D:5)
  2 hippogriffs
  2 dream sheep (D:9)
  6 yaks (D:9)
  A wyvern (D:7)
  Sigmund (D:6)
  Menkaure (D:6)
  2 water moccasins (D:7)
  2 ice beasts
  5 orc warriors (Orc:1)
  A sky beast (D:8)
  A phantom (D:8)
  3 ogres
  2 necrophages
  5 big kobolds
  A crocodile (D:8)
  6 bullfrogs
  A scorpion (D:7)
  3 killer bees (D:9)
  8 wights
  2 howler monkeys
  3 crimson imps
  A bullfrog zombie (D:8)
  A centaur skeleton (D:7)
  A bullfrog skeleton (D:6)
  2 hounds
  4 jellies
  6 orc wizards
  2 iguanas (D:8)
  2 worker ants
  Natasha (twice) (D:2)
  Terence (D:3)
  A hound zombie (D:6)
  3 gnolls (D:3)
  7 adders
  2 oozes
  An adder skeleton (D:6)
  A worm (D:3)
  8 leopard geckos
  27 orcs
  10 giant cockroaches
  3 goblins
  7 hobgoblins
  11 jackals
  15 kobolds
  4 quokkas
  A ball python (D:2)
  5 bats
  7 frilled lizards
  A jackal zombie (D:6)
  A leopard gecko skeleton (D:6)
  2 quokka zombies
  7 rats
208 creatures vanquished.

Vanquished Creatures (collateral kills)
  An ettin (Orc:1)
1 creature vanquished.

Vanquished Creatures (others)
  Blork the orc (D:6)
  A jelly (D:6)
  A ball python (D:6)
3 creatures vanquished.

Grand Total: 212 creatures vanquished

Notes
Turn   | Place    | Note
-------+----------+-------------------------------------------
     0 | D:1      | n0claF the Minotaur Berserker began the quest for the Orb.
     0 | D:1      | Reached XP level 1. HP: 19/19 MP: 0/0
   152 | D:1      | Reached XP level 2. HP: 13/27 MP: 1/1
   157 | D:1      | Reached skill level 4 in Maces & Flails
   524 | D:1      | Reached ** piety under Trog
   855 | D:2      | Reached XP level 3. HP: 33/33 MP: 2/2
  1003 | D:2      | Noticed Natasha
  1009 | D:2      | Killed Natasha
  1047 | D:2      | Noticed Natasha
  1052 | D:2      | Killed Natasha
  1052 | D:2      | Reached XP level 4. HP: 41/41 MP: 3/3
  1648 | D:3      | Noticed Terence
  1654 | D:3      | Killed Terence
  1654 | D:3      | Reached skill level 5 in Maces & Flails
  1654 | D:3      | Reached XP level 5. HP: 47/47 MP: 4/4
  1713 | D:3      | Found a white marble altar of Elyvilon.
  2174 | D:3      | Found a sparkling altar of Nemelex Xobeh.
  2175 | D:3      | Found a bloodstained altar of Trog.
  2280 | D:4      | Found a glowing golden altar of the Shining One.
  2803 | D:5      | Entered Level 5 of the Dungeon
  2951 | D:5      | Reached skill level 5 in Fighting
  2954 | D:5      | Reached skill level 1 in Shields
  3186 | D:5      | Reached *** piety under Trog
  3196 | D:5      | Reached XP level 6. HP: 56/56 MP: 5/5
  3349 | D:5      | Noticed Prince Ribbit
  3351 | D:5      | Found a bloodstained altar of Trog.
  3364 | D:5      | Killed Prince Ribbit
  3438 | D:6      | Reached XP level 7. HP: 61/61 MP: 6/6
  3529 | D:6      | Noticed Pikel
  3538 | D:6      | Killed Pikel
  3538 | D:6      | Reached skill level 6 in Maces & Flails
  3538 | D:6      | Reached skill level 5 in Armour
  3538 | D:6      | Reached skill level 5 in Dodging
  3538 | D:6      | Reached XP level 8. HP: 71/71 MP: 7/7
  3560 | D:6      | Found a shadowy altar of Dithmenos.
  3587 | D:6      | Noticed Sigmund
  3595 | D:6      | Killed Sigmund
  3598 | D:6      | Noticed Menkaure
  3602 | D:6      | Reached skill level 7 in Maces & Flails
  3606 | D:6      | Killed Menkaure
  3686 | D:6      | Killed Blork the orc
  4114 | D:7      | Noticed a hippogriff
  4115 | D:7      | Reached skill level 5 in Shields
  4121 | D:7      | Killed a hippogriff
  4126 | D:7      | Reached **** piety under Trog
  4276 | D:7      | Reached XP level 9. HP: 79/79 MP: 8/8
  4522 | D:7      | Found a staircase to the Ecumenical Temple.
  4667 | D:7      | Reached skill level 8 in Maces & Flails
  4955 | D:8      | Reached ***** piety under Trog
  5029 | D:8      | Found an iron altar of Okawaru.
  5033 | D:8      | Gained mutation: Your body sometimes deteriorates upon taking damage. [mutagenic meat]
  5034 | D:8      | Gained mutation: You expend magic power (3 MP) to strengthen your wands. [mutagenic meat]
  5035 | D:8      | Gained mutation: You occasionally shout uncontrollably at your foes. [mutagenic meat]
  5036 | D:8      | Gained mutation: Armour fits poorly on your strangely shaped body. [mutagenic meat]
  5222 | D:8      | Reached XP level 10. HP: 90/90 MP: 9/9
  5252 | D:8      | Reached skill level 9 in Maces & Flails
  5506 | D:9      | Found a sacrificial altar of Ru.
  5531 | D:9      | Found a staircase to the Orcish Mines.
  5654 | D:9      | Noticed a two-headed hydra
  5661 | D:9      | Killed a two-headed hydra
  6015 | Orc:1    | Entered Level 1 of the Orcish Mines
  6015 | Orc:1    | Noticed an ettin
  6019 | Orc:1    | Killed an ettin
  6019 | Orc:1    | Reached skill level 10 in Maces & Flails
  6150 | Orc:1    | Found a roughly hewn altar of Beogh.
  6163 | Orc:1    | Noticed an orc warlord
  6165 | Orc:1    | Noticed an orc sorcerer
  6193 | Orc:1    | Reached XP level 11. HP: 40/99 MP: 10/10
  6203 | Orc:1    | HP: 4/148 [orc warrior/glaive[an orc warlord] (16)]
  6210 | Orc:1    | HP: 4/99 [orc warrior/glaive[an orc warlord] (11)]
  6212 | Orc:1    | Killed from afar by a smoke demon

Skill      XL: |  1  2  3  4  5  6  7  8  9 10 |
---------------+-------------------------------+-----
Maces & Flails | 4 5 6 7 8 10 | 10.1
Fighting       | 4 5 6 7 8 9 |  9.9
Dodging        | 3 4 5 6 7 8 |  8.7
Armour         | 3 4 5 6 8 9 |  9.5
Shields        | 1 2 3 5 6 8 |  8.4

Action                   |  1- 3 |  4- 6 |  7- 9 | 10-12 || total
-------------------------+-------+-------+-------+-------++-------
Melee: Mace              |    60 |    98 |    26 |       ||   184
       Headbutt          |     3 |    17 |    40 |    35 ||    95
       Flail             |       |       |   179 |   129 ||   308
Invok: Berserk           |     2 |     5 |     6 |     5 ||    18
       Trog's Hand       |       |       |     1 |     1 ||     2
       Brothers in Arms  |       |       |       |     1 ||     1
  Use: Scroll            |       |     5 |     2 |    12 ||    19
  Eat: Fruit             |     1 |     2 |       |       ||     3
       Chunk             |       |    12 |    16 |     7 ||    35
Armor: Animal skin       |     4 |     2 |       |       ||     6
       Scale mail        |       |    10 |       |       ||    10
       Chain mail        |       |    19 |    67 |     7 ||    93
       Plate armour      |       |       |       |    30 ||    30
Dodge: Dodged            |    44 |    44 |    83 |    80 ||   251
Block: Buckler           |       |     7 |    41 |    37 ||    85
